 Dungeon Crawl Stone Soup version 0.31-a0-174-g85c54bcb58 (webtiles) character file.

Game seed: 15759755200588724028

204 qw the Shooter (level 5, -6/33 HPs)
             Began as a Gargoyle Hunter on June 15, 2023.
             Mangled by Blork the orc
             ... wielding a +0 glaive
              (10 damage)
             ... on level 4 of the Dungeon.
             The game lasted 00:02:13 (3795 turns).

qw the Shooter (Gargoyle Hunter)                    Turns: 3795, Time: 00:02:14

Health: -6/33      AC: 10    Str: 14    XL:     5   Next: 82%
Magic:  5/5        EV: 10    Int: 10    God:
Gold:   160        SH:  0    Dex: 15    Spells: 4/4 levels left

rFire   . . .        c - +0 orcbow
rCold   . . .        (shield currently unavailable)
rNeg    + . .        d - +0 ring mail
rPois   inf          (no helmet)
rElec   +            (no cloak)
rCorr   .            (no gloves)
SInv    .            l - +0 pair of boots
Will    .....        (no amulet)
Stlth   +            (no ring)
HPRegen 0.25/turn    (no ring)
MPRegen 0.09/turn

%: no passive effects
@: no status effects
A: sickness immunity, AC +4, negative energy resistance 1, electricity
resistance, torment resistance 1, petrification resistance
a: no special abilities


You were on level 4 of the Dungeon.
You visited 2 branches of the dungeon, and saw 5 of its levels.

You collected 202 gold pieces.
You spent 42 gold pieces at shops.


Innate Abilities, Weirdness & Mutations

You are immune to sickness and miasma.
Your stone body is resilient. (AC +4)
You are immune to poison.
You resist negative energy. (rN+)
You are resistant to electric shocks. (rElec)
You are resistant to unholy torment.
You are immune to petrification.


   Skills:
 - Level 4.0 Fighting
 + Level 6.0 Ranged Weapons
 - Level 1.0 Armour
 - Level 1.5 Dodging
 - Level 1.1 Stealth


You had 4 spell levels left.
You didn't know any spells.
Your spell library was empty.

Inventory:

Hand Weapons
 c - a +0 orcbow (weapon)
Armour
 d - a +0 ring mail (worn)
 l - a +0 pair of boots (worn)
Potions
 a - 2 potions of heal wounds {unknown}
 b - a potion of curing {unknown}
 e - a potion of degeneration {unknown}
 f - 2 potions of might
 g - a potion of attraction {unknown}
 h - a potion of enlightenment {unknown}
 i - a potion of lignification {unknown}
 m - a potion of invisibility {unknown}

Dungeon Overview and Level Annotations

Branches:
Dungeon (4/15)             Temple (1/1) D:4

Altars:
Ashenzari
Cheibriados
Dithmenos
Elyvilon
Fedhas
Gozag
Hepliaklqana
Kikubaaqudgha
Makhleb
Ru
Sif Muna
Trog
Uskayaw
Vehumet
Xom
Yredelemnul
Zin
The Shining One

Shops:
D:3 (

Annotations:
D:3 1 runed translucent door, Crazy Yiuf
D:4 Blork the orc


Message History

You kill the endoplasm!
Your Fighting skill increases to level 4!
You now have 160 gold pieces (gained 12).
Blork the orc comes into view.
He is wielding a +0 glaive.
Blork the orc shouts!
You shoot an arrow.
The arrow hits Blork the orc but does no damage.
Blork the orc casts a spell at you.
The puff of flame hits you but does no damage.
A ball python comes into view.
You shoot an arrow.
The arrow completely misses Blork the orc.
You shoot an arrow. The arrow barely misses Blork the orc.
Blork the orc casts a cantrip, but nothing happens.
You shoot an arrow. The arrow barely misses Blork the orc.
You shoot an arrow. The arrow hits Blork the orc.
Blork the orc is lightly wounded.
Blork the orc hits you from afar with a +0 glaive!
You shoot an arrow. The arrow closely misses Blork the orc.
Blork the orc closely misses you.
You shoot an arrow.
The arrow closely misses the ball python.
The ball python bites you. The ball python grabs you.
The ball python constricts you.
Blork the orc hits you from afar with a +0 glaive!
The ball python barely misses you. The ball python constricts you.
You shoot an arrow. The arrow hits the ball python!
You kill the ball python!
Blork the orc casts a spell at you.
The puff of frost hits you but does no damage.
Blork the orc casts a spell at you. The puff of frost hits you.
You shoot an arrow. The arrow hits Blork the orc.
Blork the orc is lightly wounded.
Blork the orc gestures at you while chanting.
The puff of flame hits you.
You shoot an arrow. The arrow hits Blork the orc!
Blork the orc is moderately wounded.
Blork the orc hits you from afar with a +0 glaive!
You die...

******######* *,,,,,......*
*,****......#* **,****.......##
***,,,**,...#....##
,,,,,,,,,..#.#o.@.#########*
***,,,,,,.#.#.#%...........*
**,,,,.#.#.#.#....######.*
**,,,.#.#.#.#.#....## *,*
**,,,)#.#.#.#.#.#....####,******
*,,,.#.#.#.#.#.#.#.......,,,,,,*
*,,.#.#.#.#.#.#.#.#....##*****,*
*..#.#.#.#.#.#.#.#.#..## *,*
#...#.#.#.#.#.#.#.#...# *,*


You could see Blork the orc.

Vanquished Creatures
  Jessica (D:2)
  Natasha (thrice) (D:3)
  5 adders
  2 dart slugs
  An orc (D:3)
  7 ball pythons
  3 bats (D:1)
  7 endoplasms
  4 giant cockroaches
  4 goblins
  4 hobgoblins
  2 jackals (D:4)
  6 kobolds
  3 quokkas
  A frilled lizard (D:1)
  6 rats
59 creatures vanquished.

Notes
Turn   | Place    | Note
-------+----------+-------------------------------------------
     0 | D:1      | qw the Gargoyle Hunter began the quest for the Orb.
     0 | D:1      | Reached XP level 1. HP: 12/12 MP: 1/1
     0 | D:1      | 0 ||| qw: Version: 0.2-a-29-g511e9b1
     0 | D:1      | 0 ||| qw: Game counter: 5316
     0 | D:1      | 0 ||| qw: Always use a shield: true
     0 | D:1      | 0 ||| qw: God list: Okawaru
     0 | D:1      | 0 ||| qw: Allow faded altars: false
     0 | D:1      | 0 ||| qw: Do Orc after D:15 true
     0 | D:1      | 0 ||| qw: Do second Lair branch before Depths: true
     0 | D:1      | 0 ||| qw: Lair rune preference: random
     0 | D:1      | 0 ||| qw: Plans: Normal, Zot:1-4, Slime:5, God:TSO, Crypt,
                  | Tomb, Abyss, Pan, Hells, Win
     0 | D:1      | 0 ||| PLANNING D:1-11
   104 | D:1      | Reached XP level 2. HP: 17/17 MP: 2/2
   471 | D:1      | Reached XP level 3. HP: 21/21 MP: 3/3
   690 | D:1      | 690 ||| UPGRADING to +0 ring mail.
   700 | D:1      | 700 ||| DROPPING +0 leather armour.
   701 | D:1      | 701 ||| UPGRADING to +0 pair of boots.
   706 | D:1      | 706 ||| DROPPING amulet of magic regeneration.
   707 | D:1      | 707 ||| READING scroll labelled PIUSEO RIFRABU.
   708 | D:1      | 708 ||| READING scroll labelled YSTREO REOMOMA.
   709 | D:1      | 709 ||| READING scroll labelled QOLUTE JOCKOTHA.
   710 | D:1      | 710 ||| READING scroll labelled RIATOUME ZOOZ.
   725 | D:1      | 725 ||| READING 2 scrolls labelled AQIPHAEZYNN.
   726 | D:1      | 726 ||| DRINKING 3 smoky grey potions.
   727 | D:1      | 727 ||| DROPPING scroll of butterflies.
   728 | D:1      | 728 ||| DROPPING scroll of noise.
   768 | D:2      | Reached skill level 1 in Armour
   779 | D:2      | Reached skill level 5 in Ranged Weapons
   852 | D:2      | 852 ||| Stepping ~*~*~tactically~*~*~ (outnumbered).
  1075 | D:2      | Reached skill level 3 in Fighting
  1075 | D:2      | Reached XP level 4. HP: 28/28 MP: 4/4
  1228 | D:2      | You fall into a shaft and drop 2 floors!
  1238 | D:4      | 1238 ||| READING scroll labelled SEMA NOC TAK.
  1239 | D:4      | 1239 ||| READING scroll labelled PICRECLARO.
  1340 | D:4      | 1340 ||| READING scroll labelled KAIDYU JITHRIG.
  1341 | D:4      | 1341 ||| PLANNING TEMPLE
  1341 | D:4      | 1341 ||| READING scroll labelled YFOUJ GOVUEXEW.
  1342 | D:4      | 1342 ||| DRINKING 2 grey potions.
  1343 | D:4      | 1343 ||| DROPPING potion of brilliance.
  1350 | D:4      | Found a staircase to the Ecumenical Temple.
  1356 | Temple   | Entered the Ecumenical Temple
  1511 | Temple   | 1511 ||| PLANNING D:1-11
  1561 | D:3      | 1561 ||| STAIRDANCE
  1858 | D:3      | Noticed Jessica
  1864 | D:3      | 1864 ||| STAIRDANCE
  1869 | D:2      | Killed Jessica
  2001 | D:3      | Identified the +3 short sword "Transmigrator" {speed, rCorr
                  | Int+5}
  2024 | D:3      | Reached XP level 5. HP: 30/32 MP: 5/5
  2065 | D:3      | Noticed Natasha
  2071 | D:3      | Killed Natasha
  2203 | D:3      | Found Qicwuzxi's Weapon Shop.
  2211 | D:3      | 2211 ||| BUYING +0 orcbow (42 gold).
  2211 | D:3      | Bought a +0 orcbow for 42 gold pieces
  2211 | D:3      | 2211 ||| UPGRADING to +0 orcbow.
  2212 | D:3      | 2212 ||| DROPPING +0 shortbow.
  2370 | D:3      | Found a runed translucent door.
  2371 | D:3      | Noticed Crazy Yiuf
  2413 | D:3      | Noticed Natasha
  2414 | D:3      | Reached skill level 6 in Ranged Weapons
  2415 | D:3      | 2415 ||| FLEEEEING.
  2416 | D:3      | 2416 ||| FLEEEEING.
  2417 | D:3      | 2417 ||| FLEEEEING.
  2422 | D:3      | Killed Natasha
  2430 | D:3      | Noticed Natasha
  2431 | D:3      | 2431 ||| FLEEEEING.
  2432 | D:3      | 2432 ||| FLEEEEING.
  2433 | D:3      | 2433 ||| FLEEEEING.
  2601 | D:3      | Killed Natasha
  3785 | D:4      | Noticed Blork the orc
  3793 | D:4      | HP: 7/33 [Blork the orc/puff of frost (5)]
  3794 | D:4      | HP: 3/33 [Blork the orc/puff of flame (4)]
  3795 | D:4      | Mangled by Blork the orc

Levels and vault maps discovered:
D:1:      arrival_zaba_pyramid, layout_loops_ring
D:2:      layout_basic
D:3:      layout_loops_ring, serial_shops, shop, uniq_crazy_yiuf_cottage,
          uniq_jessica, uniq_natasha
D:4:      layout_loops_ring, minmay_temple_entry_hall, nicolae_the_louvre,
          uniq_grinder, uniq_blork_the_orc
Temple:   nicolae_temple_bog_church

Skill      XL: |  1  2  3  4  5 |
---------------+----------------+-----
Armour         | 1 |  1.0
Ranged Weapons | 5 6 |  6.0
Fighting       | 3 4 |  4.0
Dodging        | |  1.5
Stealth        | |  1.1

Action                     |  1- 3 |  4- 6 || total
---------------------------+-------+-------++-------
   Fire: Shortbow          |    93 |    50 ||   143
         Orcbow            |       |    42 ||    42
    Use: Scroll            |     5 |     4 ||     9
         Potion            |     1 |     1 ||     2
 Armour: Leather armour    |     5 |       ||     5
         Ring mail         |     8 |    17 ||    25
  Dodge: Dodged            |    25 |    16 ||    41

Table legend:
 A = Non-vault XP
 B = Vault XP
 C = Vault XP percentage of total XP
 D = Non-vault monster count
 E = Vault monster count
 F = Vault count percentage of total count
                 A         B        C        D         E       F
            +---------+---------+-------+---------+---------+-------
      Total |     222 |      70 |  24.0 |      57 |       2 |   3.4
            +---------+---------+-------+---------+---------+-------
        D:1 |      38 |       0 |   0.0 |      22 |       0 |   0.0
        D:2 |      60 |      37 |  38.1 |      15 |       1 |   6.2
        D:3 |     113 |      33 |  22.6 |      15 |       1 |   6.2
        D:4 |      11 |       0 |   0.0 |       5 |       0 |   0.0
            +---------+---------+-------+---------+---------+-------
